 Dungeon Crawl Stone Soup version 0.21.1-1-g345015f (webtiles) character file.

693 LostNumber the Conjurer (level 7, 0/36 HPs)
             Began as a Tengu Venom Mage on May 21, 2018.
             Was an Initiate of Vehumet.
             Slain by an orc
             ... wielding a +0 hand axe
              (6 damage)
             ... on level 5 of the Dungeon.
             The game lasted 00:12:21 (4402 turns).

LostNumber the Conjurer (Tengu Venom Mage)          Turns: 4402, Time: 00:12:22

Health: 0/36       AC:  8    Str:  9    XL:     7   Next: 64%
Magic:  4/13       EV: 14    Int: 17    God:    Vehumet [......]
Gold:   76         SH:  0    Dex: 14    Spells: 4/12 levels left

rFire    . . .     SeeInvis .   r - staff of poison
rCold    . . .     Gourm    .   (no shield)
rNeg     . . .     Faith    .   a - +0 robe
rPois    +         Spirit   .   d - +2 hat
rElec    .         Reflect  .   v - +0 cloak {+Inv}
rCorr    .         Harm     .   n - +2 pair of gloves
MR       .....                  (boots unavailable)
Stlth    ++........             (no amulet)
HPRegen  0.12/turn              (no ring)
MPRegen  0.13/turn              (no ring)

@: no status effects
A: beak, talons 3, able to fly 1
a: Fly, Renounce Religion, Evoke Invisibility


You were on level 5 of the Dungeon.
You worshipped Vehumet.
Vehumet was noncommittal.
You were not hungry.

You visited 1 branch of the dungeon, and saw 5 of its levels.

You collected 218 gold pieces.
You spent 142 gold pieces at shops.

Inventory:

Hand Weapons
 f - a +0 club
 q - a +1 mace of protection
Armour
 a - a +0 robe (worn)
 d - a +2 hat (worn)
 n - a +2 pair of gloves (worn)
 v - a +0 cloak of invisibility (worn)
Magical Staves
 r - an uncursed staff of poison (weapon)
Scrolls
 g - a scroll of blinking {unknown}
 h - 5 scrolls of remove curse {unknown}
 j - 2 scrolls of enchant weapon {unknown}
 k - 2 scrolls of fear {unknown}
 m - a scroll of magic mapping {unknown}
 o - a scroll of amnesia
 p - a scroll of teleportation
 t - a scroll of random uselessness {unknown}
 u - a scroll of fog
Potions
 e - a potion of mutation
 i - 2 potions of heal wounds
 l - 4 potions of curing
 s - 2 potions of magic
Books
 b - a Young Poisoner's Handbook

   Spells                             Type                      Level
   a - Sting                          Conjuration/Poison           1
   b - Poisonous Vapours              Poison/Air                   2
   c - Mephitic Cloud                 Conjuration/Poison/Air       3
   d - Olgreb's Toxic Radiance        Poison                       4
   e - Venom Bolt                     Conjuration/Poison           5
Comestibles
 c - 11 rations


   Skills:
 + Level 4.0 Dodging
 - Level 2.0 Stealth
 + Level 3.4 Spellcasting
 * Level 5.9 Conjurations
 * Level 4.8 Air Magic
 + Level 4.3 Poison Magic


You had 4 spell levels left.
You knew the following spells:

 Your Spells              Type           Power        Failure   Level  Hunger
a - Sting                 Conj/Pois      ####         1%          1    None
b - Mephitic Cloud        Conj/Pois/Air  ####....     6%          3    ###....
c - Olgreb's Toxic Radia  Pois           ####....     28%         4    ####...


Dungeon Overview and Level Annotations

Branches:
Dungeon (5/15)
 Temple: D:4-7

Altars:
Cheibriados
Hepliaklqana
Okawaru
Vehumet
The Shining One

Shops:
D:4 %   D:5 [


Innate Abilities, Weirdness & Mutations

You have a beak for a mouth.
You have claws for feet.
You can fly.


Message History

You feel a surge of power!
The sting hits the orc wizard.
The orc wizard looks even sicker.
You kill the orc wizard!
Vehumet accepts your kill.
Your magical contamination has completely faded away.
The orc closely misses you.
Found a stone staircase leading up.
A jackal comes into view.
Casting: Sting
Confirm with . or Enter, or press ? or * to list all spells.
Aiming: Sting
Press: ? - help, Shift-Dir - straight line, f - orc
Aim: an orc, wielding a hand axe You feel a surge of power!
The sting hits the orc.
The orc is poisoned.
The orc is moderately wounded.
The orc completely misses you.
You barely miss the orc. Your kick misses the orc.
The orc is almost dead.
The orc looks more healthy.
The orc hits you with a hand axe.
You die...

##.#.# #.# #....#
#.###### ##.### #......#
#.# ####...# #.# ###
####...... #.# #..
.......... #.####### #.#
####...... #.#..>..# #.#
###...#
#.#.###@###.########...#
#.#.# #.o...............
#...###..###...######.##
###......###...######.#
###.##..............#
#.####..<...........
#............#######
#..#####....## #..#
#....#


You could see an orc.

Vanquished Creatures
  Blork the orc (D:5)
  A scorpion (D:4)
  2 howler monkeys (D:4)
  2 hounds
  A crimson imp (D:5)
  A bullfrog skeleton (D:4)
  A centaur skeleton (D:5)
  2 orc priests
  3 orc wizards
  A worker ant (D:4)
  4 gnolls (D:3)
  6 adders
  2 oozes
  2 adder skeletons
  2 worms (D:2)
  A dart slug (D:3)
  2 leopard geckos (D:3)
  17 orcs
  3 giant cockroaches
  6 goblins
  5 hobgoblins
  2 quokkas
  6 bats
  5 frilled lizards
  10 kobolds
  A leopard gecko skeleton (D:4)
  9 rats
98 creatures vanquished.

Notes
Turn   | Place    | Note
-------+----------+-------------------------------------------
     0 | D:1      | LostNumber the Tengu Venom Mage began the quest for the Orb.
     0 | D:1      | Reached XP level 1. HP: 10/10 MP: 4/4
   195 | D:1      | Reached skill level 2 in Conjurations
   195 | D:1      | Reached XP level 2. HP: 15/15 MP: 6/6
   703 | D:1      | Reached XP level 3. HP: 16/19 MP: 1/7
  1094 | D:2      | Reached skill level 3 in Conjurations
  1260 | D:2      | Reached XP level 4. HP: 24/24 MP: 2/8
  1265 | D:2      | Learned a level 3 spell: Mephitic Cloud
  1661 | D:3      | Reached skill level 1 in Air Magic
  1681 | D:3      | Gained mutation: You can fly. [Tengu growth]
  1681 | D:3      | Reached XP level 5. HP: 24/28 MP: 1/9
  2150 | D:3      | Reached skill level 4 in Conjurations
  2167 | D:3      | Learned a level 4 spell: Olgreb's Toxic Radiance
  2622 | D:4      | Reached XP level 6. HP: 26/32 MP: 5/11
  2625 | D:4      | Noticed a phantom
  2806 | D:4      | Found Midghes's Food Shop.
  3151 | D:4      | Reached skill level 5 in Conjurations
  3330 | D:4      | Reached XP level 7. HP: 36/36 MP: 9/12
  3766 | D:4      | Found a glowing golden altar of the Shining One.
  3770 | D:4      | Found a radiant altar of Vehumet.
  3770 | D:4      | Found a snail-covered altar of Cheibriados.
  3777 | D:4      | Became a worshipper of Vehumet
  3790 | D:4      | Found a hazy altar of Hepliaklqana.
  3794 | D:4      | Found an iron altar of Okawaru.
  4027 | D:5      | Entered Level 5 of the Dungeon
  4323 | D:5      | Found Rintir's Antique Armour Shoppe.
  4326 | D:5      | Bought a runed cloak for 142 gold pieces
  4331 | D:5      | Noticed Blork the orc
  4347 | D:5      | Killed Blork the orc
  4360 | D:5      | HP: 1/36 [orc wizard/puff of flame (4)]
  4402 | D:5      | Slain by an orc

Skill      XL: |  1  2  3  4  5  6  7 |
---------------+----------------------+-----
Conjurations   | 2 3 4 5 |  5.9
Dodging        | 3 4 |  4.0
Air Magic      | 1 2 3 4 |  4.8
Spellcasting   | 3 |  3.4
Poison Magic   | 4 |  4.3
Stealth        | |  2.0

Action                   |  1- 3 |  4- 6 |  7- 9 || total
-------------------------+-------+-------+-------++-------
Melee: Unarmed           |     6 |       |       ||     6
       Club              |    13 |    18 |       ||    31
       Kick              |     4 |    15 |    17 ||    36
       Peck              |     2 |     9 |    10 ||    21
       Staff             |       |    32 |    46 ||    78
       Mace              |       |     6 |       ||     6
 Cast: Sting             |    59 |   115 |    22 ||   196
       Mephitic Cloud    |       |     6 |     2 ||     8
 Abil: Fly               |       |     1 |       ||     1
  Use: Scroll            |       |       |     8 ||     8
 Stab: Sleeping          |     1 |       |       ||     1
       Confused          |       |     1 |       ||     1
  Eat: Chunk             |     2 |     8 |       ||    10
       Ration            |       |       |     1 ||     1
Armor: Robe              |    10 |    21 |    15 ||    46
Dodge: Dodged            |    25 |    67 |    35 ||   127
